 Dungeon Crawl Stone Soup version 0.24.0-125-gc4c63601f3 (webtiles) character file.

Game seed: 11679065450407332587, levelgen mode: deterministic

300489 Peloso the Minotaur Barricade (level 20, -8/184 HPs)
             Began as a Minotaur Fighter on Feb 19, 2020.
             Was a High Priest of Okawaru.
             Killed from afar by a crystal guardian (55 damage)
             ... with a crystal bolt
             ... on level 3 of the Elven Halls.
             The game lasted 02:20:06 (51614 turns).

Peloso the Minotaur Barricade (Minotaur Fighter)   Turns: 51614, Time: 02:20:07

Health: -8/184     AC: 24    Str: 31    XL:     20   Next: 17%
Magic:  22/22      EV: 13    Int:  5    God:    Okawaru [*****.]
Gold:   1067       SH: 35    Dex: 19    Spells: 19/19 levels left

rFire    + . .     SeeInvis +   b - +3 scimitar (flame)
rCold    . . .     Gourm    .   c - +2 large shield {rF+}
rNeg     . . .     Faith    .   L - +1 plate armour "Usount" {rPois MR++ Dex+2 SInv}
rPois    +         Spirit   .   P - +2 hat
rElec    .         Reflect  +   G - scarf {cloud immunity}
rCorr    +         Harm     .   I - +1 pair of gloves {Dex+3}
MR       +++..                  Y - +0 pair of boots "Tapumi" {rCorr}
Stlth    ..........             l - +5 amulet of reflection
HPRegen  0.40/turn              H - +5 ring of strength
MPRegen  0.18/turn              (no ring)

@: no status effects
A: retaliatory headbutt, horns 2
}: 2/15 runes: serpentine, barnacled
a: Heroism, Finesse, Renounce Religion


You were on level 3 of the Elven Halls.
You worshipped Okawaru.
Okawaru was extremely pleased with you.
You were very hungry.

You visited 6 branches of the dungeon, and saw 34 of its levels.
You also visited: Ice Cave.

You collected 3479 gold pieces.
You spent 2412 gold pieces at shops.

Inventory:

Hand Weapons
 a - a +5 scimitar of slicing
 b - a +3 scimitar of flaming (weapon)
Armour
 c - a +2 large shield of fire resistance (worn)
 j - a +4 plate armour of magic resistance
 G - a scarf of cloud immunity (worn)
 I - a +1 pair of gloves of dexterity (worn)
 L - the +1 plate armour "Usount" (worn) {rPois MR++ Dex+2 SInv}
   (You bought it in a shop on level 2 of the Orcish Mines)

   It affects your dexterity (+2).
   It protects you from poison.
   It affects your resistance to hostile enchantments.
   It lets you see invisible.
 P - a +2 hat (worn)
 Y - the +0 pair of boots "Tapumi" (worn) {rCorr}
   (Okawaru gifted it to you on level 3 of the Snake Pit)

   It provides partial protection from all sources of acid and corrosion.
Jewellery
 l - a +5 amulet of reflection (around neck)
 n - the ring "Bech" {Ice rPois MR+ Str-2 Int+6}
   (You found it on level 2 of the Elven Halls)

   [ring of ice]

   It enhances your ice magic.
   It affects your strength (-2).
   It affects your intelligence (+6).
   It makes you vulnerable to fire.
   It protects you from cold.
   It protects you from poison.
   It affects your resistance to hostile enchantments.
 H - a +5 ring of strength (left hand)
 N - an uncursed ring of resist corrosion
 R - an uncursed ring of protection from cold
Wands
 d - a wand of iceblast (9)
 S - a wand of scattershot (5)
 X - a wand of digging (5)
Scrolls
 e - a scroll of teleportation
 g - 4 scrolls of remove curse
 h - 3 scrolls of blinking
 o - a scroll of summoning
 p - 3 scrolls of fog
 q - 5 scrolls of identify
 u - 5 scrolls of fear
 A - 6 scrolls of magic mapping
 J - a scroll of noise
Potions
 i - 3 potions of agility
 k - a potion of heal wounds
 m - 4 potions of haste
 r - 11 potions of curing
 t - 5 potions of flight
 v - 3 potions of might
 O - 2 potions of invisibility
 W - a potion of berserk rage
Comestibles
 f - 44 rations


   Skills:
 + Level 17.5 Fighting
 + Level 18.3 Long Blades
   Level 2.6 Polearms
 + Level 15.7 Armour
 + Level 6.4 Dodging
 + Level 4.0 Stealth
 O Level 27 Shields
 + Level 4.1 Invocations
 + Level 1.3 Evocations


You had 19 spell levels left.
You didn't know any spells.
Your spell library contained the following spells:

 Spells                   Type           Power        Failure   Level  Hunger
 Animate Skeleton         Necr           N/A          95%         1    ##.....
 Apportation              Tloc           #.....       95%         1    ##.....
 Beastly Appendage        Tmut           #.....       95%         1    ##.....
 Confusing Touch          Hex            #.....       95%         1    ##.....
 Flame Tongue             Conj/Fire      #....        95%         1    ##.....
 Freeze                   Ice            #...         95%         1    ##.....
 Pain                     Necr           #...         95%         1    ##.....
 Shock                    Conj/Air       #...         95%         1    ##.....
 Summon Butterflies       Summ           #.......     95%         1    ##.....
 Summon Small Mammal      Summ           #...         95%         1    ##.....
 Shroud of Golubria       Chrm/Tloc      #.....       99%         2    ###....
 Sticks to Snakes         Tmut           #.......     99%         2    ###....
 Swiftness                Chrm/Air       #.......     99%         2    ###....
 Throw Flame              Conj/Fire      #.....       99%         2    ###....
 Throw Frost              Conj/Ice       #.....       99%         2    ###....
 Confuse                  Hex            #.......     100%        3    ####...
 Conjure Flame            Conj/Fire      #.......     100%        3    ####...
 Gell's Gravitas          Tloc           #.........   100%        3    ####...
 Inner Flame              Hex/Fire       #.......     100%        3    ####...
 Lesser Beckoning         Tloc           #.........   100%        3    ####...
 Ozocubu's Armour         Chrm/Ice       #.......     100%        3    ####...
 Regeneration             Chrm/Necr      #.........   100%        3    ####...
 Spectral Weapon          Hex/Chrm       #.......     100%        3    ####...
 Spider Form              Tmut/Pois      #.........   100%        3    ####...
 Static Discharge         Conj/Air       #.......     100%        3    ####...
 Tukima's Dance           Hex            #.......     100%        3    ####...
 Vampiric Draining        Necr           #.........   100%        3    ####...
 Airstrike                Air            #.........   100%        4    #####..
 Animate Dead             Necr           N/A          100%        4    #####..
 Force Lance              Conj/Tloc      #.......     100%        4    #####..
 Ice Form                 Ice/Tmut       #.......     100%        4    #####..
 Iskenderun's Mystic Bla  Conj           #.......     100%        4    #####..
 Petrify                  Tmut/Erth      #.......     100%        4    #####..
 Sticky Flame             Conj/Fire      #.......     100%        4    #####..
 Summon Ice Beast         Ice/Summ       #.......     100%        4    #####..
 Throw Icicle             Conj/Ice       #.......     100%        4    #####..
 Alistair's Intoxication  Tmut/Pois      #.......     100%        5    ######.
 Blade Hands              Tmut           #.........   100%        5    ######.
 Excruciating Wounds      Chrm/Necr      #.........   100%        5    ######.
 Fireball                 Conj/Fire      #.........   100%        5    ######.
 Irradiate                Conj/Tmut      #.........   100%        5    ######.
 Lightning Bolt           Conj/Air       #.........   100%        5    ######.
 Metabolic Englaciation   Hex/Ice        #.........   100%        5    ######.
 Summon Forest            Summ/Tloc      #.........   100%        5    ######.
 Yara's Violent Unravell  Hex/Tmut       #.........   100%        5    ######.
 Death Channel            Necr           #.........   100%        6    #######
 Hydra Form               Tmut           #.........   100%        6    #######
 Invisibility             Hex            #.......     100%        6    #######
 Statue Form              Tmut/Erth      #........    100%        6    #######
 Dragon Form              Tmut           #.........   100%        7    #######


Dungeon Overview and Level Annotations

Branches:
Dungeon (15/15)            Temple (0/1) D:5            Lair (6/6) D:10
 Shoals (4/4) Lair:4        Snake (4/4) Lair:4        Slime (0/5) Lair:6
    Orc (2/2) D:10            Elf (3/3) Orc:2        Vaults (0/5) D:14
 Depths (0/5) D:15          IceCv (visited)

Altars:
Fedhas
Hepliaklqana
Kikubaaqudgha
Makhleb
Nemelex Xobeh
Okawaru
Qazlal
Trog
Uskayaw
Wu Jian
Yredelemnul
Zin
Jiyva

Shops:
D:5 *[?=   D:7 (   D:9 }   D:10 (   D:11 !*   Orc:2 ([:*=   Snake:2 !?[

Annotations:
D:11 Psyche
Shoals:3 Mara


Innate Abilities, Weirdness & Mutations

You reflexively headbutt those who attack you in melee.
You have a pair of horns on your head.


Message History

You hit the crystal guardian but do no damage.
You headbutt the crystal guardian, but do no damage.
The crystal guardian is heavily damaged.
You block the deep elf high priest's attack.
Unknown command.
You hit the crystal guardian but do no damage.
You headbutt the crystal guardian, but do no damage.
The crystal guardian is heavily damaged.
You block the crystal guardian's attack.
The deep elf high priest utters a dark prayer and points at you.
Your life force is offered up.
Unknown command.
You hit the crystal guardian but do no damage.
You headbutt the crystal guardian, but do no damage.
The crystal guardian is heavily damaged.
The crystal guardian fires a crystalline bolt at you.
The crystal bolt freezes you!!
* * * LOW HITPOINT WARNING * * *
The crystal bolt freezes you!!!
You die...

.################################
..+..............................
..+..............................
..########'#########'#####'######
.##........'..).....[.#..........
##.........#......)...'..........
#..........#....).))..#..........
...############e8###.############
...# #.@#.)...# ...# ####.....#
...# ##.8.## ...# *##e##* ...#
***,...,*** ...# ***,,.....,,***
##'# ****,,,.e..ยง..,,,**** ...#
****,,,,,.........,,,,,*** ...#
**,,,,,,,.....#.....,,,,,,,


You could see a crystal guardian and a deep elf high priest.

Vanquished Creatures
  Nikola (Snake:2)
  Polyphemus (Shoals:3)
  Frances (Elf:1)
  Agnes (D:14)
  Kirke (Shoals:3)
  The ghost of Pileg the Severer, an adept FoFi of Okawaru (Elf:2)
  Roxanne (Shoals:2)
  10 nagarajas
  An azure jelly (Lair:6)
  A frost giant (IceCv)
  Louise (D:15)
  2 orc warlords
  2 deep elf sorcerers (Elf:3)
  2 deep elf elementalists (Elf:3)
  6 deep elf annihilators
  A dire elephant (Lair:6)
  4 merfolk javelineers
  A deep elf death mage (Elf:3)
  3 great orbs of eyes (Lair:6)
  2 deep elf high priests (Elf:3)
  A crystal guardian (Elf:3)
  3 death oozes (Lair:6)
  5 merfolk impalers
  Josephine (D:11)
  13 naga warriors
  7 hydras
  A death knight (D:15)
  An alligator snapping turtle (Shoals:3)
  10 two-headed ogres
  4 merfolk avatars
  7 anacondas
  23 dancing weapons
  A two-headed ogre (shapeshifter) (Elf:2)
  2 catoblepae
  A centaur warrior (D:13)
  2 satyrs (Shoals:4)
  6 merfolk aquamancers
  5 death yaks
  A hell knight (D:15)
  18 naga sharpshooters
  Urug (Orc:1)
  An orc high priest (Orc:1)
  9 shock serpents
  18 deep elf knights
  A fire crab (Lair:3)
  A large abomination (Elf:3)
  A salamander mystic (Snake:4)
  A sea snake (shapeshifter) (Elf:2)
  17 sea snakes
  14 naga ritualists
  5 unseen horrors
  12 deep elf archers
  A glowing orange brain (D:8)
  16 harpies
  2 lindwurms (Lair:2)
  6 orc knights
  11 mana vipers
  A wizard (D:15)
  49 deep elf magi
  2 wolf spider zombies
  A manticore (shapeshifter) (Elf:3)
  3 oklob plants (Lair:6)
  3 orc sorcerers (Orc:1)
  6 cyclopes
  11 ugly things
  A faun (shapeshifter) (Elf:2)
  18 slime creatures
  13 manticores
  4 salamanders
  13 fauns
  17 elephants
  53 black mambas
  3 moths of wrath (Elf:2)
  Maurice (D:8)
  6 merfolk sirens
  23 naga magi
  A gargoyle (D:15)
  4 centaur skeletons
  4 water nymphs
  2 guardian serpents
  10 spiny frogs
  A torpor snail (Lair:4)
  An ice statue (IceCv)
  10 rime drakes
  An efreet (D:15)
  10 komodo dragons
  4 freezing wraiths
  2 kobold demonologists
  A tengu conjurer (D:15)
  2 trolls
  24 merfolk
  16 polar bears
  9 wind drakes
  Grinder (D:6)
  11 blink frogs
  A slime creature (shapeshifter) (Elf:2)
  4 hornets
  21 hippogriffs
  8 dream sheep
  A harpy skeleton (D:15)
  A dream sheep (shapeshifter) (Elf:2)
  A raiju (shapeshifter) (D:15)
  10 snapping turtles
  A spriggan (D:7)
  A vampire (D:15)
  11 wraiths
  10 wyverns
  2 air elementals
  72 yaks
  10 water elementals
  6 basilisks
  2 hogs (Shoals:3)
  2 fire elementals
  2 humans (D:12)
  A hungry ghost (D:15)
  Grum (D:9)
  8 wargs
  40 nagas
  Duvessa (D:4)
  19 water moccasins
  An acid dragon (D:14)
  12 porcupines
  39 orc warriors
  6 ice beasts
  2 black bears
  An eye of draining (D:10)
  4 sky beasts
  11 ogres
  2 phantoms
  16 wolves
  20 centaurs
  16 crocodiles
  13 big kobolds
  13 bullfrogs
  3 earth elementals
  Dowan (D:4)
  A wyvern skeleton (D:14)
  2 scorpions
  5 killer bees (D:8)
  3 wights (D:14)
  7 howler monkeys
  4 electric eels
  9 crimson imps
  A bullfrog zombie (D:6)
  4 centaur zombies
  A quasit (D:10)
  6 hounds
  8 iguanas
  4 jellies
  20 orc priests
  30 orc wizards
  2 bullfrog skeletons
  Ijyb (D:3)
  Natasha (thrice) (D:3)
  A human skeleton (D:2)
  6 worker ants
  A killer bee zombie (D:10)
  7 gnolls
  10 adders
  5 shadow imps
  13 oozes
  5 worms
  4 leopard geckos
  76 orcs
  A ball python (D:6)
  6 bats
  3 giant cockroaches
  7 goblins
  6 hobgoblins
  7 jackals
  5 quokkas
  A frilled lizard (shapeshifter) (Elf:2)
  2 frilled lizards
  A jackal skeleton (D:5)
  A jackal zombie (D:7)
  33 kobolds
  2 leopard gecko skeletons
  A quokka zombie (D:5)
  9 rats
  A rat (shapeshifter) (Elf:2)
  3 fungi
  2 plants
1340 creatures vanquished.

Vanquished Creatures (others)
  A yaktaur captain (D:15)
  2 satyrs
  A centaur warrior (D:10)
  9 naga sharpshooters
  A deep elf knight (Elf:3)
  3 deep elf archers
  A naga ritualist (Snake:3)
  A harpy (Shoals:4)
  A deep elf mage (Elf:2)
  A faun (Shoals:2)
  A naga mage (Snake:4)
  A merfolk (Shoals:1)
  3 polar bears (IceCv)
  2 humans (Shoals:3)
  2 orc warriors (Orc:2)
  3 wolves (IceCv)
  2 centaurs
  3 orcs
  4 kobolds
  5 bushes (D:14)
  3 fungi
  32 plants
82 creatures vanquished.

Grand Total: 1422 creatures vanquished

Notes
Turn   | Place    | Note
-------+----------+-------------------------------------------
     0 | D:1      | Peloso the Minotaur Fighter began the quest for the Orb.
     0 | D:1      | Reached XP level 1. HP: 19/19 MP: 0/0
   164 | D:1      | Reached XP level 2. HP: 27/27 MP: 1/1
   808 | D:2      | Reached XP level 3. HP: 22/33 MP: 2/2
   936 | D:2      | Reached skill level 4 in Shields
   961 | D:2      | Found a runed translucent door.
   961 | D:2      | Noticed a human
   965 | D:2      | Found a basalt altar of Yredelemnul.
   976 | D:2      | Reached XP level 4. HP: 32/40 MP: 3/3
  1330 | D:2      | Found a sparkling altar of Nemelex Xobeh.
  1593 | D:3      | Noticed Natasha
  1602 | D:3      | Killed Natasha
  1655 | D:3      | Reached XP level 5. HP: 47/47 MP: 4/4
  1661 | D:3      | Reached skill level 5 in Armour
  1701 | D:3      | Noticed Natasha
  1706 | D:3      | Killed Natasha
  1849 | D:3      | Reached skill level 1 in Dodging
  1874 | D:3      | Noticed Natasha
  1899 | D:3      | Killed Natasha
  1955 | D:3      | Noticed Ijyb
  1970 | D:3      | Killed Ijyb
  2239 | D:4      | Found an ornate altar of the Wu Jian Council.
  2240 | D:4      | Found an iron altar of Okawaru.
  2297 | D:4      | Became a worshipper of Warmaster Okawaru
  2374 | D:4      | Reached skill level 5 in Shields
  2374 | D:4      | Reached XP level 6. HP: 43/53 MP: 5/5
  2395 | D:4      | Noticed Duvessa
  2396 | D:4      | Noticed Dowan
  2413 | D:4      | Killed Duvessa
  2413 | D:4      | Reached skill level 5 in Long Blades
  2414 | D:4      | Killed Dowan
  2723 | D:4      | Reached XP level 7. HP: 60/60 MP: 6/6
  2728 | D:4      | Found a sparkling altar of Nemelex Xobeh.
  2773 | D:5      | Entered Level 5 of the Dungeon
  2797 | D:5      | Found a staircase to the Ecumenical Temple.
  2866 | D:5      | Found Dasets's Jewellery Shoppe.
  2978 | D:5      | Found Bomuan's Magic Scroll Boutique.
  2979 | D:5      | Found Sototem's Antique Armour Emporium.
  2987 | D:5      | Bought a scroll of magic mapping for 49 gold pieces
  2987 | D:5      | Bought a scroll of fog for 28 gold pieces
  2987 | D:5      | Bought a scroll of teleportation for 42 gold pieces
  3012 | D:5      | Found a bloodstained altar of Trog.
  3013 | D:5      | Found a stormy altar of Qazlal.
  3014 | D:5      | Found a hide-covered altar of Uskayaw.
  3014 | D:5      | Found a blossoming altar of Fedhas.
  3023 | D:5      | Reached * piety under Okawaru
  3119 | D:5      | Found Cuacueh's Assorted Antiques.
  3332 | D:6      | Reached skill level 5 in Fighting
  3332 | D:6      | Reached skill level 6 in Shields
  3487 | D:6      | Noticed Grinder
  3489 | D:6      | Paralysed by Grinder for 5 turns
  3577 | D:6      | Reached XP level 8. HP: 36/68 MP: 4/7
  3815 | D:6      | Killed Grinder
  3815 | D:6      | Reached ** piety under Okawaru
  3815 | D:6      | Reached skill level 7 in Shields
  3824 | D:6      | Noticed a deep elf mage
  3839 | D:6      | Killed a deep elf mage
  3839 | D:6      | Reached skill level 1 in Invocations
  4146 | D:6      | Found a glowing silver altar of Zin.
  4169 | D:6      | Reached skill level 8 in Shields
  4192 | D:6      | Found a hazy altar of Hepliaklqana.
  4441 | D:6      | Reached XP level 9. HP: 75/75 MP: 8/8
  4691 | D:7      | Found Ufacecal's Weapon Shop.
  4703 | D:7      | Reached *** piety under Okawaru
  4709 | D:7      | Got a brightly glowing cloak
  4715 | D:7      | Identified the cursed +0 cloak of Ikhomuez {Int+2 Stlth+}
                  | (You found it on level 7 of the Dungeon)
  4971 | D:7      | Reached skill level 9 in Shields
  5265 | D:8      | Found an ancient bone altar of Kikubaaqudgha.
  5272 | D:8      | Noticed Maurice
  5337 | D:8      | Noticed a glowing orange brain
  5444 | D:8      | Found a transporter.
  5474 | D:8      | Found a transporter.
  5547 | D:8      | Reached skill level 10 in Shields
  5812 | D:8      | Reached **** piety under Okawaru
  5845 | D:8      | Reached skill level 10 in Long Blades
  5964 | D:8      | Killed Maurice
  5964 | D:8      | Reached skill level 1 in Stealth
  5964 | D:8      | Reached XP level 10. HP: 83/84 MP: 10/10
  6012 | D:8      | Noticed a two-headed ogre
  6024 | D:8      | Killed a two-headed ogre
  6024 | D:8      | Reached skill level 11 in Shields
  6082 | D:9      | Found a basalt altar of Yredelemnul.
  6083 | D:9      | Noticed Grum
  6096 | D:9      | Killed Grum
  6108 | D:9      | Reached ***** piety under Okawaru
  6379 | D:9      | Noticed a rust devil
  6742 | D:9      | Found Hureymn's Gadget Boutique.
  6757 | D:9      | Found a bloodstained altar of Trog.
  6908 | D:9      | Received a gift from Okawaru
  7000 | D:10     | Entered Level 10 of the Dungeon
  7389 | D:10     | Killed an unseen horror
  7389 | D:10     | Reached skill level 12 in Shields
  7439 | D:10     | Noticed a two-headed ogre
  7450 | D:10     | Killed a two-headed ogre
  7450 | D:10     | Reached XP level 11. HP: 60/92 MP: 3/11
  7474 | D:10     | Found a staircase to the Orcish Mines.
  7476 | D:10     | Found Lehy's Weapon Shoppe.
  7543 | D:10     | Noticed an orc knight
  7561 | D:10     | Killed an orc knight
  7681 | D:10     | Found a staircase to the Lair.
  7764 | D:10     | Noticed a centaur warrior
  7771 | D:10     | Killed a centaur warrior
  8051 | D:11     | Noticed Josephine
  8062 | D:11     | Killed Josephine
  8088 | D:11     | Reached skill level 13 in Shields
  8330 | D:11     | Noticed a purple ugly thing
  8349 | D:11     | Killed a purple ugly thing
  8587 | D:11     | Found Tomy's Changing Room.
  8666 | D:11     | Received a gift from Okawaru
  8750 | D:11     | Killed an unseen horror
  8992 | D:11     | Found Kaut's Distillery.
  9000 | D:11     | Bought a potion of flight for 42 gold pieces
  9093 | D:11     | Noticed a two-headed ogre
  9106 | D:11     | Killed a two-headed ogre
  9281 | D:11     | Noticed a two-headed ogre
  9338 | D:11     | Killed a two-headed ogre
  9338 | D:11     | Reached XP level 12. HP: 98/103 MP: 12/12
  9625 | D:12     | Found a frozen archway.
  9628 | D:12     | Found an iron altar of Okawaru.
  9649 | D:12     | Reached skill level 14 in Shields
  9692 | IceCv    | Entered an ice cave
 10700 | IceCv    | Noticed a death yak
 10724 | IceCv    | Killed a death yak
 11072 | IceCv    | Reached skill level 15 in Shields
 11169 | IceCv    | Noticed a frost giant
 11169 | IceCv    | Noticed a death yak
 11202 | IceCv    | Killed a death yak
 11213 | IceCv    | Killed a frost giant
 11213 | IceCv    | Reached skill level 10 in Armour
 11597 | IceCv    | Reached ****** piety under Okawaru
 11683 | IceCv    | Got an ichor-stained plate armour
 11694 | IceCv    | Identified the +8 plate armour of Keust {*Drain Int+4
                  | Dex+2} (You found it in an ice cave)
 12153 | D:12     | Received a gift from Okawaru
 12395 | D:12     | Got a transparent copper ring
 12468 | D:11     | Identified the ring of Doozett {*Tele Int+4} (You found it
                  | on level 12 of the Dungeon)
 12532 | D:12     | Noticed a two-headed ogre
 12545 | D:12     | Noticed Psyche
 12546 | D:12     | Reached skill level 10 in Fighting
 12559 | D:12     | Reached XP level 13. HP: 94/113 MP: 11/13
 12775 | D:12     | Reached skill level 16 in Shields
 13664 | D:8      | Got a twitching tin ring
 13667 | D:8      | Identified the cursed ring of Xom's Whimsicality {Str+3
                  | Dex-3} (You found it on level 8 of the Dungeon)
 13752 | Lair:1   | Entered Level 1 of the Lair of Beasts
 14478 | Lair:1   | Reached skill level 1 in Polearms
 15341 | Lair:1   | Identified a scroll of acquirement
 15409 | Lair:1   | Reached skill level 17 in Shields
 16049 | Lair:2   | Received a gift from Okawaru
 16074 | Lair:2   | Reached skill level 5 in Dodging
 17480 | Lair:3   | Reached XP level 14. HP: 122/122 MP: 14/14
 17757 | Lair:4   | Reached skill level 18 in Shields
 17850 | Lair:4   | Received a gift from Okawaru
 17974 | Lair:4   | Found a staircase to the Snake Pit.
 18034 | Lair:4   | Found a staircase to the Shoals.
 18415 | Lair:4   | Found a runed translucent door.
 18982 | D:13     | Found a sparkling altar of Nemelex Xobeh.
 19158 | D:13     | Reached skill level 19 in Shields
 19695 | D:14     | Received a gift from Okawaru
 20039 | D:14     | Noticed Agnes
 20056 | D:14     | Killed Agnes
 20162 | D:14     | Reached skill level 15 in Long Blades
 20343 | D:14     | Reached XP level 15. HP: 98/132 MP: 12/15
 20356 | D:14     | Found a gate to the Vaults.
 20773 | D:15     | Entered Level 15 of the Dungeon
 20908 | D:15     | Noticed Louise
 20929 | D:15     | Killed Louise
 20929 | D:15     | Reached skill level 20 in Shields
 21125 | D:15     | Found a staircase to the Depths.
 21660 | D:15     | Received a gift from Okawaru
 21665 | D:15     | Got an ancient scimitar {god gift}
 21666 | D:15     | Identified the +2 scimitar of the Thing {flame, rF- Int+4}
                  | (Okawaru gifted it to you on level 15 of the Dungeon)
 22013 | Orc:1    | Entered Level 1 of the Orcish Mines
 22096 | Orc:1    | Noticed Urug
 22109 | Orc:1    | Killed Urug
 22213 | Orc:1    | You fall into a shaft and drop 1 floor!
 22213 | Orc:2    | Entered Level 2 of the Orcish Mines
 22230 | Orc:2    | Noticed an orc warlord
 22244 | Orc:2    | Found Anlunism's Jewellery Emporium.
 22261 | Orc:2    | Found Qaed's General Store.
 22273 | Orc:2    | Found Nypal's Book Boutique.
 22284 | Orc:2    | Found Ocaatyar's Antique Armour Shop.
 22284 | Orc:2    | Noticed an orc warlord
 23005 | Orc:2    | Killed an orc warlord
 23773 | Orc:1    | Received a gift from Okawaru
 24076 | Orc:1    | Killed an orc warlord
 24076 | Orc:1    | Reached skill level 21 in Shields
 24542 | Orc:2    | Bought a faintly humming plate armour for 840 gold pieces
 24555 | Orc:2    | Identified the cursed +1 plate armour of the Four Tables
                  | {+Inv rF++} (You bought it in a shop on level 2 of the
                  | Orcish Mines)
 24617 | Orc:2    | Found a staircase to the Elven Halls.
 24765 | Orc:2    | Found Nikkeq's Antique Weapon Emporium.
 25080 | Orc:2    | Bought a scorched plate armour for 840 gold pieces
 25092 | Orc:2    | Identified the +1 plate armour "Usount" {rPois MR++ Dex+2
                  | SInv} (You bought it in a shop on level 2 of the Orcish
                  | Mines)
 25095 | Orc:2    | Bought an ancient chain mail for 285 gold pieces
 25108 | Orc:2    | Identified the +8 chain mail of Quantum Leap {MR+ Str-3
                  | Int+4} (You bought it in a shop on level 2 of the Orcish
                  | Mines)
 25122 | Orc:2    | Bought an embroidered hat for 210 gold pieces
 25675 | Lair:5   | Received a gift from Okawaru
 25675 | Lair:5   | Reached skill level 1 in Evocations
 26258 | Lair:6   | Entered Level 6 of the Lair of Beasts
 26517 | Lair:6   | Reached XP level 16. HP: 92/144 MP: 17/17
 27021 | Lair:6   | Found a staircase to the Slime Pits.
 27021 | Lair:6   | Found a viscous altar of Jiyva.
 27128 | Lair:6   | Received a gift from Okawaru
 27510 | Lair:6   | Reached skill level 22 in Shields
 28231 | Elf:1    | Entered Level 1 of the Elven Halls
 29185 | Elf:1    | Noticed Frances
 29211 | Elf:1    | Killed Frances
 29211 | Elf:1    | Received a gift from Okawaru
 29684 | Elf:1    | Identified the Compendium of Supportive Confrontation
 30090 | Shoals:1 | Entered Level 1 of the Shoals
 31324 | Shoals:2 | Received a gift from Okawaru
 31477 | Shoals:2 | Identified Roxanne's Collected Works on Stones
 31477 | Shoals:2 | Noticed Roxanne
 31487 | Shoals:2 | Reached XP level 17. HP: 152/154 MP: 18/18
 31508 | Shoals:2 | Killed Roxanne
 31508 | Shoals:2 | Reached skill level 23 in Shields
 32017 | Shoals:2 | Received a gift from Okawaru
 32473 | Shoals:3 | Noticed Polyphemus
 32845 | Shoals:3 | Killed Polyphemus
 33886 | Shoals:3 | Noticed Kirke
 33907 | Shoals:3 | Killed Kirke
 34091 | Shoals:4 | Entered Level 4 of the Shoals
 34091 | Shoals:4 | Noticed Mara
 34202 | Shoals:4 | Noticed Peloso's illusion
 34920 | Shoals:4 | Noticed Peloso's illusion
 35399 | Shoals:4 | Noticed Peloso's illusion
 36447 | Shoals:4 | Identified Mubocal's Grimoire of Boosting Stolen Souls
 37202 | Shoals:4 | Reached skill level 15 in Fighting
 37322 | Shoals:4 | Received a gift from Okawaru
 37826 | Shoals:4 | Reached skill level 24 in Shields
 39560 | Shoals:4 | Got a barnacled rune of Zot
 39567 | Shoals:4 | Got a polished hat {god gift}
 39578 | Shoals:4 | Identified the +0 hat of the Pirate {rC+ MR+ Dex-3}
                  | (Okawaru gifted it to you on level 4 of the Shoals)
 40147 | Snake:1  | Entered Level 1 of the Snake Pit
 40286 | Snake:1  | Reached XP level 18. HP: 125/163 MP: 15/19
 41048 | Snake:1  | Received a gift from Okawaru
 42046 | Snake:2  | Noticed Nikola
 42066 | Snake:2  | Killed Nikola
 42325 | Snake:2  | Found Dutseew's Distillery.
 42332 | Snake:2  | Found Uniotomu's Magic Scroll Shop.
 42334 | Snake:2  | Found Epa Qene's Antique Armour Boutique.
 42340 | Snake:2  | Bought a scroll of random uselessness for 17 gold pieces
 42340 | Snake:2  | Bought a scroll of magic mapping for 59 gold pieces
 42413 | Snake:2  | You fall into a shaft and drop 1 floor!
 42583 | Snake:3  | Reached skill level 25 in Shields
 44053 | Snake:3  | Received a gift from Okawaru
 44056 | Snake:3  | Got a pair of bloodstained boots {god gift}
 44066 | Snake:3  | Identified the +0 pair of boots "Tapumi" {rCorr} (Okawaru
                  | gifted it to you on level 3 of the Snake Pit)
 44725 | Snake:4  | Entered Level 4 of the Snake Pit
 45583 | Snake:4  | Reached XP level 19. HP: 141/172 MP: 20/20
 46087 | Snake:4  | Reached skill level 15 in Armour
 46321 | Snake:4  | Reached skill level 26 in Shields
 47449 | Snake:4  | Received a gift from Okawaru
 47654 | Snake:4  | Got a serpentine rune of Zot
 47747 | Snake:4  | Found a burning altar of Makhleb.
 48621 | Elf:2    | Found a transporter.
 48634 | Elf:2    | Found a transporter.
 48638 | Elf:2    | Noticed Pileg's ghost (adept FoFi)
 48733 | Elf:2    | Found a runed translucent gate.
 48735 | Elf:2    | Found a runed translucent gate.
 48738 | Elf:2    | Found a runed translucent gate.
 50078 | Elf:2    | Killed Pileg's ghost
 50134 | Elf:2    | Got a serpentine turquoise ring
 50158 | Elf:2    | Identified the ring "Bech" {Ice rPois MR+ Str-2 Int+6} (You
                  | found it on level 2 of the Elven Halls)
 50196 | Elf:3    | Entered Level 3 of the Elven Halls
 50903 | Elf:3    | Reached skill level 27 in Shields
 50962 | Elf:3    | Reached XP level 20. HP: 184/184 MP: 22/22
 51446 | Elf:3    | Received a gift from Okawaru
 51614 | Elf:3    | Killed from afar by a crystal guardian

Levels and vault maps discovered:
D:1:      evilmike_arrival_crescent, layout_basic
D:2:      layout_basic, marbit_many_paths, dk_yredelemnul_ordeal
D:3:      layout_basic, first_ration, uniq_ijyb, uniq_natasha
D:4:      layout_basic, gammafunk_temple_overflow_pools,
          nemelex_xobeh_ov_fountains_minmay, uniq_duvessa
D:5:      layout_cave_pools, grunt_temple_overflow_open,
          minmay_temple_entry_stoned_glass, serial_shops, shop, shop,
          nicolae_shop_competitors_out_of_business, shop, kennysheep_nondescript
D:6:      layout_loops_ring, old_standard_altar, zin_statuary,
          guppyfry_early_elven_hall, uniq_grinder
D:7:      layout_rooms, serial_shops, shop, the_bakery, dk_rats_in_the_wall
D:8:      gammafunk_jiyva_shrine, layout_basic, lemuel_doored_altar,
          uniq_maurice
D:9:      layout_basic, lemuel_round_altar, special_room [special_room_kobold],
          serial_shops, kennysheep_little_box, trog_butcher_becter, uniq_grum
D:10:     layout_stronghold, erik_lair_orcish_takeover, orc_david_3
D:11:     layout_small_grid, serial_co_window_serial, co_window_corner_a,
          co_window_paths_b, co_window_paths_b, co_window_corner_a,
          co_window_paths_a, co_window_unsneaky_path_c,
          co_window_unsneaky_path_e, co_window_broadway_c, co_window_4corner_a,
          glass_columns_a, glass_columns_a, glass_columns_a, glass_columns_c,
          serial_shops, shop, small_statue_intersection,
          nicolae_transmutations_shop, uniq_josephine
D:12:     layout_rooms, portal_ice_cave_entry_pillars_1,
          hangedman_abyss_or_decor_passed, okawaru_humans, uniq_psyche
D:13:     layout_rooms, basic_altar, palyth_stone_intersect
D:14:     layout_basic, erik_vaults_1, special_room [special_room_mythical_zoo],
          serial_park_tiny_2, uniq_agnes
D:15:     hangedman_depths_entry_civil_slaughter, layout_irregular_city,
          nicolae_wwwww, uniq_louise
Lair:1:   layout_layer_cave, beast_lair_carwin_1
Lair:2:   cheibrodos_lair_overgrown_chateau, layout_chaotic_city
Lair:3:   layout_roguey
Lair:4:   layout_loops_ring, minmay_shoals_entry_centaurs,
          minmay_snake_entry_guardpost_small, pf_torpor_hydra
Lair:5:   layout_roguey, grunt_megastairs_2
Lair:6:   gammafunk_lair_ancient_temple, layout_gridlike, slime_altar_1,
          special_room [special_room_jelly], dpeg_oklob_1
Shoals:1: layout_shoals
Shoals:2: layout_shoals, nicolae_shoals_dead_sea_scrolls, uniq_roxanne
Shoals:3: layout_shoals, uniq_kirke, uniq_polyphemus
Shoals:4: shoals_end_simple, layout_shoals, uniq_mara
Snake:1:  layout_concentric_octagons, st_stairs_3, serial_bayou_ford_a,
          drop_trap
Snake:2:  layout_layer_cave, minmay_shop_star, uniq_nikola
Snake:3:  layout_onion_interference, fake_guardian_serpent_vault
Snake:4:  snake_pit, layout_cave_shapes, basic_altar, guppyfry_snake_island
Orc:1:    layout_caves, uniq_urug
Orc:2:    grunt_orc_gardens, layout_diamond_mine, grunt_orc_garden,
          grunt_orc_garden, grunt_orc_garden, grunt_orc_garden, serial_shops,
          nicolae_shop_waterfront
Elf:1:    layout_rooms, minmay_elf_sorcery, serial_sigils_hangedman_writhe,
          hangedman_decor_cross_pass, uniq_frances
Elf:2:    layout_geoelf_grid, gammafunk_ghost_berserking_beasts
Elf:3:    minmay_elf_hall_golems, layout_geoelf_castle,
          serial_sigils_hangedman_carve, minivault_25_ag

Skill      XL: |  1  2  3  4  5  6  7  8  9 10 11 12 13 14 15 16 17 18 19 |
---------------+----------------------------------------------------------+-----
Armour         | 4 5 6 7 8 10 11 12 13 14 15 | 15.7
Long Blades    | 3 4 5 7 8 10 11 12 13 14 15 16 17 18 | 18.3
Fighting       | 4 5 6 7 8 10 12 13 14 15 16 17 | 17.5
Shields        | 4 5 6 8 10 12 13 15 17 19 21 22 24 25 27 | 27.0
Dodging        | 1 2 3 4 5 6 |  6.4
Invocations    | 1 2 3 4 |  4.1
Stealth        | 1 3 4 |  4.0
Polearms       | 1 2 |  2.6
Evocations     | 1 |  1.3

Action                   |  1- 3 |  4- 6 |  7- 9 | 10-12 | 13-15 | 16-18 | 19-21 || total
-------------------------+-------+-------+-------+-------+-------+-------+-------++-------
Melee: Long sword        |    89 |   139 |   422 |   954 |   474 |       |       ||  2078
       Headbutt          |    10 |    26 |    91 |   259 |   585 |   681 |   232 ||  1884
       Scimitar          |       |       |       |       |  1349 |  1951 |   704 ||  4004
       Spear             |       |       |       |       |    59 |       |       ||    59
Invok: Heroism           |       |       |     5 |    11 |    16 |    23 |     6 ||    61
       Finesse           |       |       |       |       |       |     5 |     3 ||     8
Evoke: Wand              |       |       |     2 |     3 |     1 |     5 |     3 ||    14
  Use: Potion            |     4 |     1 |       |     6 |       |     4 |       ||    15
       Scroll            |       |       |     9 |     6 |    14 |    10 |     4 ||    43
 Stab: Paralysed         |       |       |     5 |     7 |       |       |       ||    12
       Distracted        |       |       |       |       |     1 |       |       ||     1
       Petrified         |       |       |       |       |       |     6 |       ||     6
  Eat: Chunk             |       |     6 |    11 |    18 |    33 |    44 |    11 ||   123
       Ration            |       |       |       |     1 |     4 |     6 |     2 ||    13
Armor: Scale mail        |    39 |    42 |       |       |       |       |       ||    81
       Chain mail        |       |    15 |    85 |   229 |       |       |       ||   329
       Plate armour      |       |       |    37 |    44 |   615 |   437 |    68 ||  1201
       Skin              |       |       |     7 |       |       |       |       ||     7
Dodge: Dodged            |    24 |    48 |    90 |   178 |   286 |   323 |    71 ||  1020
Block: Shield            |    63 |    86 |   341 |   820 |       |       |       ||  1310
       Reflection        |       |       |     9 |    36 |   108 |   269 |   161 ||   583
       Large shield      |       |       |       |    54 |  2432 |  2866 |   794 ||  6146
       Rpst.: Long sword |     8 |     8 |    24 |    43 |    17 |       |       ||   100
       Scimitar          |       |       |       |       |    40 |    43 |    10 ||    93
